 Dungeon Crawl Stone Soup version 0.30-a0-135-g630cfc4551 (webtiles) character file.

Game seed: 18091970722962505443

5778 tbh1313 the Basher (level 10, -1/65 HPs)
             Began as a Gargoyle Fighter on Sept 20, 2022.
             Was a Priest of Okawaru.
             Slain by a skeletal warrior
             ... wielding a +0 halberd
             ... led by a death knight
              (21 damage)
             ... on level 9 of the Dungeon.
             The game lasted 00:23:25 (12274 turns).

tbh1313 the Basher (Gargoyle Fighter)              Turns: 12274, Time: 00:23:25

Health: -1/65      AC: 28    Str: 23    XL:     10   Next: 78%
Magic:  3/10       EV:  3    Int: 10    God:    Okawaru [***...]
Gold:   56         SH:  0    Dex:  9    Spells: 9/9 levels left

rFire   + . .      SeeInvis +    b - +0 flail (holy)
rCold   + . .      Faith    .    (no shield)
rNeg    + . .      Spirit   .    O - +2 crystal plate armour
rPois   ∞          Reflect  .    r - +0 helmet
rElec   +          Harm     .    e - scarf {rC+ rF+}
rCorr   .          Rampage  .    J - +0 pair of gloves
Will    .....                    M - +0 pair of boots
Stlth   ..........               (no amulet)
HPRegen 0.20/turn                G - ring of Meroupte {rPois SInv}
MPRegen 0.12/turn                (no ring)

@: weak-willed
A: sickness immunity, AC +7, negative energy resistance 1, electricity
resistance, torment resistance 1, petrification resistance
a: Renounce Religion, Heroism


You were on level 9 of the Dungeon.
You worshipped Okawaru.
Okawaru was most pleased with you.
You visited 2 branches of the dungeon, and saw 11 of its levels.
You also visited: Ossuary.

You collected 539 gold pieces.
You spent 483 gold pieces at shops.

Inventory:

Hand Weapons
 a - the +5 demon whip "Spellbinder" {antimagic, Will+}
   (You acquired it on level 8 of the Dungeon)

   It reduces the magical energy of the wielder, and disrupts the spells and
   magical abilities of those it strikes.
   Natural abilities and divine invocations are not affected.
   It unleashes wild and unpredictable magical effects upon striking a wizard or
   a creature with magical abilities.
   Will:      It increases your willpower.
 b - a +0 flail of holy wrath (weapon)
 k - a +5 mace of freezing
 K - a +2 mace of protection
Armour
 c - a +0 buckler
 e - a scarf of resistance (worn)
 h - an orb of mayhem
 r - a +0 helmet (worn)
 E - a +0 plate armour
 J - a +0 pair of gloves (worn)
 M - a +0 pair of boots (worn)
 O - a +2 crystal plate armour (worn)
 R - +0 shadow dragon scales
Jewellery
 x - a ring of wizardry
 F - an amulet of faith
 G - the ring of Meroupte (left hand) {rPois SInv}
   (You bought it in a shop on level 7 of the Dungeon)

   [ring of poison resistance]

   rPois:     It protects you from poison.
   SInv:      It lets you see invisible.
 S - an amulet of guardian spirit
Wands
 q - a wand of roots (6)
 v - a wand of flame (13)
Scrolls
 f - 5 scrolls of teleportation
 g - 6 scrolls of enchant weapon
 i - a scroll of poison
 j - 3 scrolls of magic mapping
 m - a scroll of summoning
 n - a scroll of identify
 o - 2 scrolls of fear
 s - a scroll of vulnerability
 y - 3 scrolls of noise
 z - a scroll of amnesia
 B - a scroll of immolation
 C - a scroll of torment
 P - a scroll of butterflies
Potions
 d - 3 potions of might
 l - 2 potions of lignification
 p - a potion of attraction
 t - 7 potions of curing
 u - 4 potions of brilliance
 w - a potion of flight
 A - a potion of degeneration
 D - a potion of ambrosia
 H - a potion of mutation
 I - a potion of haste
 L - 2 potions of resistance
 N - 2 potions of heal wounds
 Q - a potion of cancellation


   Skills:
 + Level 8.8 Fighting
 - Level 14.0 Maces & Flails
 - Level 3.2 Armour
 - Level 3.2 Shields


You had 9 spell levels left.
You didn't know any spells.
Your spell library contained the following spells:

 Spells                   Type           Power      Damage    Failure   Level
 Beastly Appendage        Tmut           0%         N/A       100%        1
 Shock                    Conj/Air       0%         1d3       100%        1
 Blink                    Tloc           0%         N/A       100%        2
 Static Discharge         Conj/Air       0%         2-2/arc   100%        2
 Wereblood                Tmut           0%         N/A       100%        2
 Ignite Poison            Fire/Tmut/Pois 0%         N/A       100%        3
 Inner Flame              Hex/Fire       0%         N/A       100%        3
 Kindle Blastsparks       Fire/Tloc/Air  0%         2d10      100%        3
 Mephitic Cloud           Conj/Pois/Air  0%         N/A       100%        3
 Spider Form              Tmut/Pois      0%         N/A       100%        3
 Swiftness                Air            0%         N/A       100%        3
 Airstrike                Air            0%         2d(0-16)  100%        4
 Leda's Liquefaction      Hex/Erth       0%         N/A       100%        4
 Manifold Assault         Tloc           0%         N/A       100%        4
 Freezing Cloud           Conj/Ice/Air   0%         6-21      100%        5
 Lee's Rapid Deconstruct  Erth           0%         3d5*      100%        5
 Storm Form               Tmut/Air       0%         N/A       100%        7
 Statue Form              Tmut/Erth      Unusable   N/A       N/A         6

Dungeon Overview and Level Annotations

Branches:
Dungeon (10/15)            Temple (1/1) D:6             Orc (0/2) D:9
Ossuary (visited)
   Lair: D:8-11

Altars:
Ashenzari
Cheibriados
Dithmenos
Elyvilon
Hepliaklqana
Kikubaaqudgha
Makhleb
Okawaru
Qazlal
Ru
Trog
Uskayaw
Vehumet
Wu Jian
Xom
Yredelemnul
Zin
The Shining One

Shops:
D:6 [   D:7 *

Annotations:
D:5 2 transporters, SirDiesAlot's ghost, novice DEFE


Innate Abilities, Weirdness & Mutations

You are immune to sickness and miasma.
Your stone body is resilient. (AC +7)
You are immune to poison.
You resist negative energy. (rN+)
You are resistant to electric shocks. (rElec)
You are resistant to unholy torment.
You are immune to petrification.


Message History

There is a stone staircase leading down here.
You climb downwards.
There is a stone staircase leading up here.
You see here a yak skeleton.
There is an open door here.
You open the door.
There is an open door here.
Done exploring.
Done exploring.
(D) Dungeon (T) Temple (O) Orcish Mines
Where to? (Enter - D:9, ? - help)
There is an open door here.
There is a stone staircase leading down here.
You climb downwards.
The death knight shouts!
Found a scroll of butterflies.
There is a stone staircase leading up here.
There are monsters nearby!
The phantasmal warrior hits you!
The skeletal warrior hits you with a +0 halberd.
The phantasmal warrior gestures at you.
The phantasmal warrior blinks!
The death knight hits you but does no damage.
You climb upwards.
There is a stone staircase leading down here.
You feel magic returning to you.
Your +0 flail of holy wrath softly glows with a divine radiance!
b - a +0 flail of holy wrath (weapon)
You hit the phantasmal warrior but do no damage.
You punch the phantasmal warrior, but do no damage.
The phantasmal warrior hits you.
Your willpower is stripped away!
The death knight hits you with a +0 great mace.
The skeletal warrior hits you but does no damage.
The phantasmal warrior attacks as you move away!
The phantasmal warrior hits you!
The death knight attacks as you move away!
The death knight hits you with a +0 great mace!
The skeletal warrior hits you with a +0 halberd.
The skeletal warrior hits you with a +0 halberd!!
You die...

#####.#### ##..####### ##
#........# ##.###### ####
#........#######.......###...
#............................
#......................######
#######..............(.####
#......................#
#.#.#.#.(.......zW.....#
#..............@p>.....#
#.#.#.#........#######.#
#.......######.#.....#.#
#.#.#.#......#.#.....'.#########
#.......#....#.#.....#..........
#######.#....#.#.....#..........
#.#....#.#######..........
#.#....#..................
#.#....#..................


You could see a death knight, a skeletal warrior and a phantasmal warrior.

Levels and vault maps discovered:
D:1:      lightli_arrival_maybe_door_vault, layout_loops_cross,
          shapermc_ecumenical_altar_petra, minivault_25
D:2:      layout_basic, minmay_tromino_v4_a
D:3:      layout_basic, uniq_sigmund, uniq_robin
D:4:      minmay_clustersquares, layout_rooms, uniq_menkaure
D:5:      layout_basic, gammafunk_ghost_arena
D:6:      corexii_shantytown, layout_basic, minmay_temple_entry_statues_pillars,
          nicolae_ossuary_entry_false_entrances, nicolae_stop_n_shop_1
D:7:      layout_loops_cross, serial_shops, shop
D:8:      layout_gridville, gammafunk_temple_overflow_elements,
          small_statue_intersection
D:9:      layout_irregular_city, zombieorc1_lemuel, serial_glass,
          glass_columns_b, glass_columns_a, glass_columns_a, glass_columns_b,
          glass_columns_a, due_unseen_surprise, item_on_display_a,
          feat_on_display, minmay_tree_intersection, grunt_ministairs_3
D:10:     layout_roguey, fedhas_altar_4, david_lair_generic, uniq_snorg
Temple:   compressed_dpeg_triangle_lava_temple

Notes
Turn   | Place    | Note
-------+----------+-------------------------------------------
     0 | D:1      | tbh1313 the Gargoyle Fighter began the quest for the Orb.
     0 | D:1      | Reached XP level 1. HP: 14/14 MP: 1/1
   342 | D:1      | Reached XP level 2. HP: 16/19 MP: 2/2
   630 | D:1      | Reached skill level 3 in Maces & Flails
   849 | D:1      | Found a faded altar of an unknown god.
  1194 | D:2      | Reached XP level 3. HP: 14/23 MP: 3/3
  1801 | D:2      | Reached skill level 4 in Maces & Flails
  2038 | D:2      | Reached XP level 4. HP: 28/28 MP: 4/4
  2348 | D:2      | Got Fiphah's Parchment of Violent Incandescence
  2776 | D:3      | Noticed Robin
  2809 | D:3      | Killed Robin
  2810 | D:3      | Reached skill level 5 in Maces & Flails
  2810 | D:3      | Reached XP level 5. HP: 20/32 MP: 5/5
  2986 | D:3      | Noticed Sigmund
  2997 | D:3      | Killed Sigmund
  2998 | D:3      | Reached skill level 6 in Maces & Flails
  2998 | D:3      | Reached XP level 6. HP: 30/37 MP: 6/6
  3748 | D:4      | Noticed Menkaure
  3895 | D:4      | Noticed a black bear
  3903 | D:4      | Killed a black bear
  3904 | D:4      | Reached skill level 7 in Maces & Flails
  4057 | D:4      | Killed Menkaure
  4058 | D:4      | Reached XP level 7. HP: 41/41 MP: 7/7
  4155 | D:4      | Reached skill level 8 in Maces & Flails
  4394 | D:4      | Identified the +2 halberd "Wunuc" {venom, rF- Str+4 Dex+5}
  4594 | D:5      | Entered Level 5 of the Dungeon
  4610 | D:5      | Reached skill level 9 in Maces & Flails
  4697 | D:5      | Found a transporter.
  4697 | D:5      | Noticed SirDiesAlot's ghost (novice DEFE)
  4759 | D:5      | Reached XP level 8. HP: 43/46 MP: 8/8
  4799 | D:5      | Found a transporter.
  5595 | D:5      | Reached skill level 10 in Maces & Flails
  5758 | D:6      | Found a sand-covered staircase.
  5763 | Ossuary  | Entered an ossuary
  6195 | D:6      | Found a staircase to the Ecumenical Temple.
  6371 | Temple   | Entered the Ecumenical Temple
  6424 | Temple   | Became a worshipper of Warmaster Okawaru
  6573 | D:6      | Reached skill level 11 in Maces & Flails
  6886 | D:6      | Reached XP level 9. HP: 51/51 MP: 9/9
  7302 | D:6      | HP: 5/51 [orc warrior/javelin (4)]
  8010 | D:6      | Found Huoxkew's Antique Armour Shoppe.
  8018 | D:6      | Bought a pair of boots for 108 gold pieces
  8286 | D:6      | Reached skill level 12 in Maces & Flails
  8390 | D:6      | Reached * piety under Okawaru
  9093 | D:7      | Reached skill level 13 in Maces & Flails
  9134 | D:7      | Found Zohua's Assorted Antiques.
  9139 | D:7      | Bought a scroll labelled INNUR FUAHU for 25 gold pieces
  9139 | D:7      | Bought a scroll labelled CIGIST COUMI for 25 gold pieces
  9139 | D:7      | Bought a scroll labelled ROUMUX MIEZ for 25 gold pieces
  9139 | D:7      | Bought a scroll labelled LALEUR BUNI for 25 gold pieces
  9139 | D:7      | Bought a scroll labelled LALEUR BUNI for 25 gold pieces
 10201 | D:8      | Found an ancient bone altar of Kikubaaqudgha.
 10201 | D:8      | Found a white marble altar of Elyvilon.
 10473 | D:8      | Reached XP level 10. HP: 27/56 MP: 10/10
 10680 | D:9      | Noticed a two-headed ogre
 10694 | D:8      | Killed a two-headed ogre
 10694 | D:8      | Reached ** piety under Okawaru
 10695 | D:8      | Reached skill level 14 in Maces & Flails
 10731 | D:9      | Reached skill level 5 in Fighting
 10939 | D:8      | Identified a scroll of acquirement
 10939 | D:8      | Acquired the +5 demon whip "Spellbinder" {antimagic, Will+}
 10939 | D:8      | Found the +5 demon whip "Spellbinder" {antimagic, Will+}
 11231 | D:9      | Killed an unseen horror
 11421 | D:9      | Found a staircase to the Orcish Mines.
 11479 | D:9      | Reached *** piety under Okawaru
 12113 | D:7      | Bought a scorched jade ring for 125 gold pieces
 12113 | D:7      | Identified the ring of Meroupte {rPois SInv} (You bought it
                  | in a shop on level 7 of the Dungeon)
 12113 | D:7      | Bought a twisted golden amulet for 125 gold pieces
 12268 | D:10     | Entered Level 10 of the Dungeon
 12268 | D:10     | Noticed a death knight
 12268 | D:10     | Noticed a phantasmal warrior
 12268 | D:10     | Noticed a phantasmal warrior
 12268 | D:10     | Noticed a skeletal warrior
 12274 | D:9      | Slain by a skeletal warrior

Table legend: (Time is in decaauts)
 A = Elapsed time spent in this place.
 B = Non-inter-level travel time spent in this place.
 C = Inter-level travel time spent in this place.
 D = Time resting spent in this place.
 E = Time spent auto-exploring this place.
 F = Levels seen in this place.
 G = Mean time per level.
                   A        B        C        D        E       F      G
               +--------+--------+--------+--------+--------+-----+--------+
         Total |  12154 |  11615 |    539 |   3587 |   6112 |  12 | 1012.8 |
       Dungeon |  11757 |  11230 |    527 |   3587 |   5927 |  10 | 1175.7 |
        Temple |     66 |     54 |     12 |      0 |     39 |   1 |   66.0 |
       Ossuary |    330 |    330 |      0 |      0 |    146 |   1 |  330.0 |
               +--------+--------+--------+--------+--------+-----+--------+

Top non-repeatable levels by time:
     D:6: 2208 daAuts
     D:2: 1364 daAuts
     D:8: 1360 daAuts
     D:3: 1296 daAuts
     D:5: 1281 daAuts
     D:9: 1252 daAuts
     D:1: 1177 daAuts
     D:7: 1006 daAuts
     D:4: 808 daAuts
 Ossuary: 330 daAuts
  Temple: 66 daAuts
    D:10: 1 daAuts

Table legend:
 A = Kills in this place as a percentage of kills in entire the game.
 B = Kills by you in this place as a percentage of kills by you in the entire game.
 C = Kills by friends in this place as a percentage of kills by friends in the entire game.
 D = Other kills in this place as a percentage of other kills in the entire game.
 E = Experience gained in this place as a percentage of experience gained in the entire game.
 F = Experience gained in this place divided by the number of levels of this place that you have seen.
                   A       B       C       D       E      F
               +-------+-------+-------+-------+-------+----------------------
         Total | 100.0 | 100.0 | 100.0 | 100.0 | 100.0 | 687.9
       Dungeon |  85.7 |  85.2 | 100.0 | 100.0 |  97.2 | 802.0
       Ossuary |  14.3 |  14.8 |   0.0 |   0.0 |   2.8 | 235.0
               +-------+-------+-------+-------+-------+----------------------

Action                   |  1- 3 |  4- 6 |  7- 9 | 10-12 || total
-------------------------+-------+-------+-------+-------++-------
Melee: Flail             |   129 |   100 |       |    14 ||   243
       Mace              |       |    57 |   696 |    19 ||   772
       Punch             |       |       |     3 |     4 ||     7
       Demon whip        |       |       |       |   114 ||   114
Throw: Throwing net      |       |       |       |     1 ||     1
  Use: Potion            |       |     2 |     3 |       ||     5
       Scroll            |       |     1 |    11 |    17 ||    29
Armor: Scale mail        |    76 |   122 |    47 |       ||   245
       Plate armour      |       |       |   328 |       ||   328
       Crystal plate arm |       |       |   263 |    77 ||   340
Dodge: Dodged            |    53 |   106 |   197 |    13 ||   369
Block: Buckler           |     4 |       |       |       ||     4

Vanquished Creatures
  A two-headed ogre (D:8)
  An unseen horror (D:9)
  A hornet (D:9)
  A shadow (D:9)
  2 wyverns (D:9)
  Sigmund (D:3)
  3 yaks (D:9)
  A steam dragon (D:9)
  Menkaure (D:4)
  An orc warrior (D:6)
  2 sky beasts (D:7)
  3 ice beasts
  2 black bears
  2 ogres
  A centaur (D:8)
  A kobold brigand (D:6)
  2 phantoms (D:9)
  4 bullfrogs
  4 scorpions
  2 necrophages (D:4)
  A gnoll sergeant (D:8)
  3 wights
  8 killer bees
  2 troll zombies (D:9)
  3 howler monkeys
  2 centaur zombies (Ossuary)
  A human zombie (Ossuary)
  An orc priest (D:6)
  A hound (D:6)
  A gnoll bouda (D:6)
  5 iguanas
  4 orc wizards
  4 ogre zombies (D:9)
  2 mummies (Ossuary)
  Robin (D:3)
  10 adders
  11 gnolls
  A white imp (D:5)
  3 ufetubi
  6 adder zombies (Ossuary)
  3 worms
  A dart slug (D:2)
  22 orcs
  7 bats
  7 endoplasms
  4 giant cockroaches
  11 hobgoblins
  3 quokkas
  5 ball pythons
  4 frilled lizards
  21 goblins
  A goblin skeleton (D:9)
  2 goblin zombies (D:9)
  2 hobgoblin skeletons (D:9)
  12 hobgoblin zombies
  13 kobolds
  7 kobold zombies (Ossuary)
  3 orc skeletons (D:9)
  16 orc zombies
  6 rats
256 creatures vanquished.

Vanquished Creatures (collateral kills)
  An endoplasm (D:3)
  5 goblins
  A hobgoblin (D:3)
  A ball python (D:4)
8 creatures vanquished.

Vanquished Creatures (others)
  An orc wizard (D:6)
  An orc (D:4)
  A goblin (D:3)
  2 plants (D:6)
5 creatures vanquished.

Grand Total: 269 creatures vanquished
